 Dungeon Crawl Stone Soup version 0.31-a0-1104-g3bd3108e02 (webtiles) character file.

Game seed: 17395699521092080768

620 Descartes the Digger (level 7, 0/46 HPs)
             Began as a Formicid Earth Elementalist on Dec 2, 2023.
             Was an Initiate of Gozag.
             Slain by an iguana (4 damage)
             ... on level 5 of the Dungeon.
             The game lasted 00:10:28 (4021 turns).

Descartes the Digger (Formicid Earth Elementalist)  Turns: 4021, Time: 00:10:29

Health: 0/46       AC:  8    Str: 15    XL:     7   Next: 74%
Magic:  2/13       EV: 16    Int: 14    God:    Gozag
Gold:   196        SH:  0    Dex: 14    Spells: 10/14 levels left

rFire   . . .        m - +0 dagger
rCold   . . .        (no shield)
rNeg    . . .        u - +0 ring mail
rPois   .            (helmet unavailable)
rElec   .            (no cloak)
rCorr   .            d - +0 pair of gloves
SInv    +            w - +0 pair of boots
Will    +....        (no amulet)
Stlth   +            k - ring of willpower
HPRegen 0.27/turn    n - +5 ring of evasion
MPRegen 0.13/turn

%: no passive effects
@: no status effects
A: permanent stasis, dig shafts and tunnels, antennae 3, four strong arms
a: Dig, Shaft Self, Renounce Religion, Potion Petition, Call Merchant, Bribe
Branch


You were on level 5 of the Dungeon.
You worshipped Gozag.
Gozag was aware of your devotion.
You visited 2 branches of the dungeon, and saw 6 of its levels.

You collected 245 gold pieces.
You paid 49 gold pieces to Gozag.

Inventory:

Hand Weapons
 f - a +0 spear
 m - a +0 dagger (weapon)
Missiles
 c - 4 poisoned darts (quivered)
 v - 3 boomerangs
Armour
 d - a +0 pair of gloves (worn)
 u - a +0 ring mail (worn)
 w - a +0 pair of boots (worn)
Jewellery
 j - a ring of protection from cold
 k - a ring of willpower (left hand)
 n - a +5 ring of evasion (right hand)
Scrolls
 h - 3 scrolls of identify {unknown}
 i - a scroll of blinking {unknown}
 l - a scroll of fog {unknown}
 o - 2 scrolls of noise {unknown}
 q - a scroll of teleportation {unknown}
 r - 4 scrolls of fear {unknown}
Potions
 a - a potion of attraction {unknown}
 b - a potion of magic
 e - a potion of might {unknown}
 g - a potion of curing
 p - a potion of brilliance {unknown}
 s - a potion of haste {unknown}
 t - a potion of degeneration {unknown}
 x - a potion of invisibility {unknown}


   Skills:
 + Level 3.7 Armour
 - Level 1.7 Dodging
 - Level 2.4 Stealth
 + Level 4.2 Spellcasting
 - Level 2.0 Conjurations
 - Level 1.1 Transmutations
 * Level 7.2 Earth Magic


You had 10 spell levels left.
You knew the following spells:

 Your Spells              Type           Power      Damage    Failure   Level
a - Sandblast             Erth           46%        2d11      1%          1
b - Stone Arrow           Conj/Erth      30%        3d8       16%         3

Your spell library contained the following spells:

 Spells                   Type           Power      Damage    Failure   Level
 Passwall                 Tmut/Erth      11%        N/A       10%         2
 Magic Dart               Conj           32%        1d4       16%         1
 Foxfire                  Conj/Fire      20%        2x1d5     24%         1
 Searing Ray              Conj           16%        2d5       24%         2
 Brom's Barrelling Bould  Conj/Erth      15%        2d4       45%         4
 Petrify                  Tmut/Erth      14%        N/A       52%         4
 Gell's Gravitas          Tloc           2%         N/A       71%         3
 Inner Flame              Hex/Fire       2%         N/A       71%         3
 Teleport Other           Tloc           2%         N/A       71%         3
 Fulminant Prism          Conj/Hex       2%         3d5       93%         4
 Yara's Violent Unravell  Hex/Tmut       2%         3d3       100%        5
 Dispersal                Tloc           1%         N/A       100%        6
 Plasma Beam              Fire/Air       1%         2x1d11    100%        6
 Starburst                Conj/Fire      2%         6d3       100%        6
 Enfeeble                 Hex            1%         N/A       100%        7


Dungeon Overview and Level Annotations

Branches:
Dungeon (5/15)             Temple (1/1) D:4

Altars:
Ashenzari
Dithmenos
Elyvilon
Gozag
Hepliaklqana
Kikubaaqudgha
Makhleb
Nemelex Xobeh
Okawaru
Ru
Sif Muna
Vehumet
Wu Jian
Xom
Yredelemnul
Zin
The Shining One

Annotations:
Temple 2 transporters


Innate Abilities, Weirdness & Mutations

You cannot be hasted, slowed, berserked, paralysed or teleported.
You can dig through walls and to a lower floor.
You have a pair of large antennae on your head. (SInv)
Your four strong arms can wield two-handed weapons with a shield.


Message History

You closely miss the iguana.
The iguana is lightly wounded.
The iguana misses you.
You hit the iguana but do no damage.
The iguana is lightly wounded.
The iguana bites you but does no damage.
You hit the iguana but do no damage.
The iguana is lightly wounded.
The iguana misses you.
You hit the iguana but do no damage.
The iguana is lightly wounded.
The iguana bites you!
* * * LOW HITPOINT WARNING * * *
You hit the iguana.
The iguana is lightly wounded.
The iguana misses you.
You hit the iguana.
The iguana is moderately wounded.
The iguana closely misses you.
You barely miss the iguana.
The iguana is moderately wounded.
The iguana completely misses you.
You barely miss the iguana.
The iguana is moderately wounded.
The iguana misses you.
You hit the iguana but do no damage.
The iguana is moderately wounded.
The iguana bites you!
* * * LOW HITPOINT WARNING * * *
You hit the iguana but do no damage.
The iguana is moderately wounded.
The iguana barely misses you.
Casting: Sandblast (safe; 1% risk of failure)
Confirm with . or Enter, or press ? or * to list all spells.
Aiming: Sandblast (safe; 1% risk of failure)
Press: ? - help, Shift-Dir - straight line, f - iguana
Aim: an iguana (moderately wounded, 85% to hit)
The blast of sand misses the iguana.
The iguana bites you.
You die...
Your body crumbles into a pile of gold.

.......## ##....... .
.......## ...#
#.......#
#.#.#....!..## .
#...#........#.. .....
#.......$.......
##....###.....@$.$.....
#...#.#....#..$l.......
........####../..$....
......#.##..(.......
#...#..............
##...#...#..........
#...<....##....##...
#........##.##..### ...
..###.........:## .


You could see an iguana.

Vanquished Creatures
  Sigmund (D:4)
  Menkaure (D:4)
  2 scorpions (D:4)
  Jessica (D:2)
  An iguana (D:5)
  Ijyb (D:5)
  An orc wizard (D:5)
  3 adders
  2 ufetubi (D:4)
  2 dart slugs
  3 orcs (D:5)
  15 ball pythons
  6 endoplasms
  4 giant cockroaches
  6 goblins
  3 hobgoblins (D:4)
  6 jackals
  10 kobolds
  2 quokkas (D:1)
  4 bats
  4 frilled lizards
  8 rats
86 creatures vanquished.

Notes
Turn   | Place    | Note
-------+----------+-------------------------------------------
     0 | D:1      | Descartes the Formicid Earth Elementalist began the quest
                  | for the Orb.
     0 | D:1      | Reached XP level 1. HP: 13/13 MP: 3/3
     9 | D:1      | Noticed an ogre
   217 | D:1      | Reached XP level 2. HP: 19/19 MP: 3/5
   221 | D:1      | Reached skill level 4 in Earth Magic
   387 | D:1      | Reached skill level 1 in Armour
   643 | D:1      | Reached XP level 3. HP: 24/24 MP: 4/6
   808 | D:1      | Found a faded altar of an unknown god.
  1387 | D:2      | Reached XP level 4. HP: 25/30 MP: 5/8
  1526 | D:2      | Noticed Jessica
  1529 | D:2      | Killed Jessica
  1530 | D:2      | Reached skill level 5 in Earth Magic
  1783 | D:2      | Reached XP level 5. HP: 35/35 MP: 7/9
  2223 | D:3      | Found a sacrificial altar of Ru.
  2404 | D:3      | Learned a level 3 spell: Stone Arrow
  2626 | D:3      | Found a hazy altar of Hepliaklqana.
  3046 | D:4      | Noticed Menkaure
  3065 | D:4      | Killed Menkaure
  3066 | D:4      | Reached skill level 1 in Conjurations
  3066 | D:4      | Reached skill level 6 in Earth Magic
  3066 | D:4      | Reached XP level 6. HP: 13/41 MP: 5/11
  3193 | D:4      | Found a staircase to the Ecumenical Temple.
  3202 | Temple   | Found a transporter.
  3202 | Temple   | Found a transporter.
  3202 | Temple   | Found a transporter.
  3202 | Temple   | Found a transporter.
  3202 | Temple   | Entered the Ecumenical Temple
  3217 | Temple   | Became a worshipper of Gozag Ym Sagoz the Greedy
  3434 | D:4      | Noticed Sigmund
  3440 | D:4      | Killed Sigmund
  3441 | D:4      | Reached XP level 7. HP: 46/46 MP: 5/12
  3888 | D:5      | Entered Level 5 of the Dungeon
  3923 | D:4      | Reached skill level 7 in Earth Magic
  3987 | D:5      | Noticed Ijyb
  4000 | D:5      | Killed Ijyb
  4021 | D:5      | Slain by an iguana

Illustrated notes

Levels and vault maps discovered:
D:1:      evilmike_arrival_come_back, layout_basic,
          chequers_ecumenical_altar_island
D:2:      layout_basic, minmay_unequal, uniq_jessica
D:3:      layout_loops_cross, nicolae_ru_the_path_less_chosen,
          mainiacjoe_overflow_24_doors
D:4:      layout_basic, minmay_temple_entry_slanted, uniq_menkaure, uniq_sigmund
D:5:      layout_cave_pools, mainiacjoe_overflow_concentric_impassable,
          serial_shops, nicolae_square_shop, uniq_ijyb, uniq_edmund
Temple:   hellmonk_temple_divided_pantheon

Skill      XL: |  1  2  3  4  5  6  7 |
---------------+----------------------+-----
Earth Magic    | 4 5 6 7 |  7.2
Armour         | 1 2 3 |  3.7
Spellcasting   | 3 4 |  4.2
Conjurations   | 1 2 |  2.0
Dodging        | |  1.7
Stealth        | |  2.4
Transmutations | |  1.1

Action                     |  1- 3 |  4- 6 |  7- 9 || total
---------------------------+-------+-------+-------++-------
  Melee: Spear             |     9 |       |       ||     9
         Punch             |     1 |       |       ||     1
         Dagger            |       |     4 |    19 ||    23
   Cast: Sandblast         |    39 |    53 |    32 ||   124
         Stone Arrow       |       |     1 |       ||     1
    Use: Potion            |       |       |     1 ||     1
 Armour: Leather armour    |     4 |     4 |       ||     8
         Robe              |     3 |       |       ||     3
         Ring mail         |       |     1 |    47 ||    48
  Dodge: Dodged            |    12 |     7 |    68 ||    87

Table legend: (Time is in decaauts)
 A = Elapsed time spent in this place.
 B = Non-inter-level travel time spent in this place.
 C = Inter-level travel time spent in this place.
 D = Time resting spent in this place.
 E = Time spent auto-exploring this place.
 F = Levels seen in this place.
 G = Mean time per level.
                   A        B        C        D        E       F      G
               +--------+--------+--------+--------+--------+-----+--------+
         Total |   4088 |   4004 |     84 |      0 |   3377 |   6 |  681.3 |
       Dungeon |   4055 |   3971 |     84 |      0 |   3377 |   5 |  811.0 |
        Temple |     32 |     32 |      0 |      0 |      0 |   1 |   32.0 |
               +--------+--------+--------+--------+--------+-----+--------+

Top non-repeatable levels by time:
     D:1: 1276 daAuts
     D:4: 917 daAuts
     D:3: 904 daAuts
     D:2: 895 daAuts
     D:5: 61 daAuts
  Temple: 32 daAuts
